 Dungeon Crawl Stone Soup version 0.28-a0-1152-g9c71ebef14 (webtiles) character file.

Game seed: 7295815696279683162

9 spaghetti the Sneak (level 2, 0/24 HPs)
             Began as a Mummy Delver on Dec 14, 2021.
             Slain by a bullfrog skeleton (3 damage)
             ... on level 5 of the Dungeon.
             The game lasted 00:00:20 (39 turns).

spaghetti the Sneak (Mummy Delver)                    Turns: 39, Time: 00:00:21

Health: 0/24       AC:  3    Str: 15    XL:     2   Next: 3%
Magic:  2/2        EV: 11    Int:  9    God:
Gold:   0          SH:  0    Dex: 13    Spells: 1/1 levels left

rFire   x . .      SeeInvis .   a - +0 falchion {long}
rCold   + . .      Faith    .   (no shield)
rNeg    + + +      Spirit   .   b - +0 leather armour
rPois   ∞          Reflect  .   (no helmet)
rElec   .          Harm     .   (no cloak)
rCorr   .          Rampage  .   (no gloves)
Will    .....                   (no boots)
Stlth   ++........              (no amulet)
HPRegen 0.08/turn               (no ring)
MPRegen 0.08/turn               (no ring)

@: no status effects
A: cold resistance 1, negative energy resistance 3, torment resistance 2, heat
vulnerability 1, no potions
a: no special abilities


You were on level 5 of the Dungeon.
You visited 1 branch of the dungeon, and saw 1 of its levels.


Innate Abilities, Weirdness & Mutations

You are immune to poison.
Your flesh is cold resistant. (rC+)
You are immune to negative energy. (rN+++)
You are immune to unholy pain and torment.
You are vulnerable to heat. (rF-)
You do not drink.


   Skills:
 + Level 3.6 Fighting
 - Level 1.5 Long Blades
 - Level 1.5 Dodging
 - Level 4.1 Stealth


You had one spell level left.
You didn't know any spells.
Your spell library was empty.

Inventory:

Hand Weapons
 a - a +0 falchion (weapon) {long}
Armour
 b - a +0 leather armour (worn)
Magical Staves
 d - a staff of conjuration {!a@e2staff}
   (You found it on level 5 of the Dungeon)
Wands
 f - a wand of digging (3)
Scrolls
 c - a scroll of fog
 e - a scroll of fear

Dungeon Overview and Level Annotations

Branches:
Dungeon (5/15)
 Temple: D:4-7

Altars:

*****,* *,** *,,* *,*
*,,** *#.# *,* **,,*** #.#
#.* **,,,*** #.# *.#*
***,,,###.# *..*
***,,...##**** *#.*
****...#,,.# #.*
#######[.#...#
##.######...@Z....!..#
#.........#####..#...#
****#.#..###### **##.#,,.#
,,,,,,##..######*,,,...,,*
*******##..>...#*,,,..(.,*
######.#*,,,..<..#
*,,*,,,.....#
**,*,,,.....# *,*,,,,,,,,*


You could see a bullfrog skeleton.


Message History

Really read
d - a scroll of magic mapping {!r}?
As you read the scroll of magic mapping {!r}, it crumbles to dust.
You feel aware of your surroundings.
Unknown command.
Unknown command.
An adder and a skeleton come into view.
Found a stone staircase leading up.
The adder hisses angrily.
You see here a staff of conjuration {!a@e2staff}.
d - a staff of conjuration {!a@e2staff} The bullfrog skeleton hits you. 😕 HP[-2]
You take 2 damage, and now have 16/18 hp.
The adder bites you. 😕 HP[-2]
You take 2 damage, and now have 14/18 hp.
Okay, then.
You hit the adder. The adder closely misses you.
The adder bites you but does no damage.
You closely miss the adder. The adder closely misses you.
The adder barely misses you.
You miss the adder. The adder barely misses you.
You closely miss the adder. The adder barely misses you.
The adder bites you. 😮 HP[-2]
You take 2 damage, and now have 12/18 hp.
You are too injured to fight recklessly!
You are too injured to fight recklessly!
You are too injured to fight recklessly!
You are too injured to fight recklessly!
You are too injured to fight recklessly!
You are too injured to fight recklessly!
You are too injured to fight recklessly!
You are too injured to fight recklessly!
You are too injured to fight recklessly!
You are too injured to fight recklessly!
You are too injured to fight recklessly!
You are too injured to fight recklessly!
You are too injured to fight recklessly!
You are too injured to fight recklessly!
You are too injured to fight recklessly!
You are too injured to fight recklessly!
You are too injured to fight recklessly!
You are too injured to fight recklessly!
Unknown command.
You hit the adder. The adder closely misses you.
You barely miss the adder. The adder closely misses you.
The adder barely misses you.
You hit the adder but do no damage. The adder bites you.
The adder bites you but does no damage. 😮 HP[-2]
You take 2 damage, and now have 10/18 hp.
Unknown command.
Unknown command.
You hit the adder. The adder bites you.
* * * LOW HITPOINT WARNING * * *
😨 HP[-1]
You take 1 damage, and now have 9/18 hp.
Unknown command.
Unknown command.
You closely miss the adder. The adder bites you but does no damage.
The adder bites you.
* * * LOW HITPOINT WARNING * * *
😨 HP[-1]
You take 1 damage, and now have 8/18 hp.
Unknown command.
You slash the adder!
You kill the adder!
You have reached level 2! 😨 HP[+2] MP[+1]
You now have 24 max hp (+6).
You regained 2 hp, and now have 10/24 hp.
Your mp is fully restored (2).
You hit the bullfrog skeleton.
The bullfrog skeleton closely misses you.
The bullfrog skeleton hits you but does no damage.
You barely miss the bullfrog skeleton. The bullfrog skeleton hits you.
* * * LOW HITPOINT WARNING * * *
The bullfrog skeleton closely misses you.
Unknown command.
Unknown command.
You slash the bullfrog skeleton!
The bullfrog skeleton closely misses you.
Unknown command.
You hit the bullfrog skeleton but do no damage.
The bullfrog skeleton closely misses you.
The bullfrog skeleton hits you.
* * * LOW HITPOINT WARNING * * *
😨 HP[-3]
You take 3 damage, and now have 7/24 hp.
Unknown command.
Unknown command.
You can't drink.
You hit the bullfrog skeleton. The bullfrog skeleton hits you.
* * * LOW HITPOINT WARNING * * *
😱 HP[-4]
You take 4 damage, and now have 3/24 hp.
Unknown command.
Unknown command.
You hit the bullfrog skeleton. The bullfrog skeleton hits you.
You die...

Action                   || total
-------------------------++-------
Melee: Falchion          ||    16
  Use: Scroll            ||     1
Armor: Leather armour    ||     4
Dodge: Dodged            ||    12

Levels and vault maps discovered:
D:5:      layout_rooms, gammafunk_ghost_nasty_kobolds

Notes
Turn   | Place    | Note
-------+----------+-------------------------------------------
     0 | D:5      | spaghetti the Mummy Delver began the quest for the Orb.
     0 | D:5      | Reached XP level 1. HP: 18/18 MP: 1/1
     0 | D:5      | magus.rc [v1.9.6]
    34 | D:5      | Reached XP level 2. HP: 10/24 MP: 2/2
    38 | D:5      | HP: 3/24 [bullfrog skeleton (4)]
    39 | D:5      | Slain by a bullfrog skeleton

Vanquished Creatures
  An adder (D:5)
1 creature vanquished.

Table legend:
 A = Non-vault XP
 B = Vault XP
 C = Vault XP percentage of total XP
 D = Non-vault monster count
 E = Vault monster count
 F = Vault count percentage of total count
                 A         B        C        D         E       F
            +---------+---------+-------+---------+---------+-------
      Total |      13 |       0 |   0.0 |       1 |       0 |   0.0
            +---------+---------+-------+---------+---------+-------
        D:5 |      13 |       0 |   0.0 |       1 |       0 |   0.0
            +---------+---------+-------+---------+---------+-------

Illustrated notes

Table legend:
 A = Kills in this place as a percentage of kills in entire the game.
 B = Kills by you in this place as a percentage of kills by you in the entire game.
 C = Kills by friends in this place as a percentage of kills by friends in the entire game.
 D = Other kills in this place as a percentage of other kills in the entire game.
 E = Experience gained in this place as a percentage of experience gained in the entire game.
 F = Experience gained in this place divided by the number of levels of this place that you have seen.
                   A       B       C       D       E      F
               +-------+-------+-------+-------+-------+----------------------
         Total | 100.0 | 100.0 |   N/A |   N/A | 100.0 |  13.0
       Dungeon | 100.0 | 100.0 |   N/A |   N/A | 100.0 |  13.0
               +-------+-------+-------+-------+-------+----------------------

Table legend: (Time is in decaauts)
 A = Elapsed time spent in this place.
 B = Non-inter-level travel time spent in this place.
 C = Inter-level travel time spent in this place.
 D = Time resting spent in this place.
 E = Time spent auto-exploring this place.
 F = Levels seen in this place.
 G = Mean time per level.
                   A        B        C        D        E       F      G
               +--------+--------+--------+--------+--------+-----+--------+
         Total |     42 |     42 |      0 |      0 |     17 |   1 |   42.0 |
       Dungeon |     42 |     42 |      0 |      0 |     17 |   1 |   42.0 |
               +--------+--------+--------+--------+--------+-----+--------+

Top non-repeatable levels by time:
     D:5: 42 daAuts
